General information
- name: BNet
- type: Ladder team game (AT/RT)
- host: Battle.net
- saver: NADMaN
map: Monsoon
- players: 6
- length: 54:58
- speed: Fast
- version: 1.21 W3XP
- replay type: Public
» download(352 KB)
Players
team 1 (winner)
GOKUMAN69 (
red | 63 APM | 3464 actions | 54:57)
7 Archmage
3 Blizzard
3 Brilliance Aura
1 Mass Teleport
7 Paladin
3 Holy Light
3 Divine Shield
1 Devotion Aura
4 Mountain King
2 Storm Bolt
2 Thunder Clap
» actions
| Assign group hotkey | 3 | |
| Basic commands | 2 | |
| Build / train | 200 | |
| Enter build submenu | 109 | |
| Enter hero's abilities submenu | 19 | |
| Give item / drop item | 1 | |
| Remove unit from queue | 4 | |
| Right click | 1651 | |
| Select / deselect | 1029 | |
| Select group hotkey | 3 | |
| Use ability | 442 | |
3464 total
» units
| Peasant | 26 | |
| Dragonhawk Rider | 3 | |
| Mortar Team | 6 | |
| Flying Machine | 10 | |
45 total
» upgrades
| Masonry | 3 | |
| Lumber Harvesting | 2 | |
| Magic Sentry | 1 | |
| Fragmentation Shards | 1 | |
| Flare | 1 | |
| Gunpowder | 3 | |
| Armor | 1 | |
| Flak Cannons | 1 | |
| Swords | 0 | |
| Plating | 2 | |
| Cloud | 1 | |
16 total
» buildings
| Altar of Kings | 1 | |
| Farm | 6 | |
| Lumber Mill | 3 | |
| Scout Tower | 146 | |
| Guard Tower | 77 | |
| Arcane Tower | 10 | |
| Keep | 2 | |
| Castle | 2 | |
| Arcane Sanctum | 1 | |
| Gryphon Aviary | 2 | |
| Barracks | 1 | |
| Arcane Vault | 1 | |
| Town Hall | 2 | |
| Blacksmith | 1 | |
| Workshop | 2 | |
257 total
» build order
00:07 Altar of Kings
00:25 Farm
00:40 Lumber Mill
01:04 Farm
01:05 Scout Tower
01:35 Scout Tower
01:47 Scout Tower
01:49 Scout Tower
01:53 Scout Tower
02:04 Guard Tower
02:05 Guard Tower
02:07 Scout Tower
02:08 Scout Tower
02:20 Arcane Tower
02:20 Arcane Tower
02:29 Guard Tower
02:31 Scout Tower
02:32 Scout Tower
02:41 Guard Tower
03:00 Guard Tower
03:01 Guard Tower
03:18 Guard Tower
03:19 Scout Tower
03:22 Scout Tower
03:23 Scout Tower
03:26 Guard Tower
03:26 Guard Tower
03:27 Scout Tower
03:29 Scout Tower
03:30 Scout Tower
04:41 Keep
04:41 Keep
04:45 Scout Tower
04:45 Guard Tower
05:01 Guard Tower
05:02 Scout Tower
05:10 Scout Tower
05:39 Guard Tower
05:40 Scout Tower
05:42 Scout Tower
05:43 Scout Tower
05:44 Scout Tower
05:45 Scout Tower
05:46 Scout Tower
05:47 Scout Tower
05:50 Guard Tower
05:52 Scout Tower
05:53 Scout Tower
05:55 Scout Tower
06:19 Guard Tower
06:32 Scout Tower
06:34 Guard Tower
06:40 Guard Tower
07:27 Guard Tower
07:27 Guard Tower
07:29 Scout Tower
07:32 Scout Tower
07:36 Guard Tower
07:36 Guard Tower
07:38 Scout Tower
07:41 Scout Tower
08:13 Farm
09:08 Scout Tower
11:21 Castle
11:22 Castle
11:25 Arcane Sanctum
11:38 Scout Tower
11:39 Guard Tower
11:39 Guard Tower
11:50 Farm
12:11 Scout Tower
12:11 Guard Tower
12:12 Guard Tower
12:20 Scout Tower
12:21 Guard Tower
12:24 Farm
12:25 Scout Tower
12:28 Scout Tower
12:46 Farm
12:49 Gryphon Aviary
12:50 Gryphon Aviary
13:34 Scout Tower
13:34 Guard Tower
13:35 Scout Tower
13:38 Scout Tower
13:39 Scout Tower
13:56 Barracks
14:23 Scout Tower
14:23 Guard Tower
14:26 Scout Tower
14:27 Scout Tower
15:19 Scout Tower
15:19 Guard Tower
15:22 Arcane Tower
16:16 Arcane Vault
16:25 Scout Tower
16:25 Scout Tower
16:28 Scout Tower
16:29 Scout Tower
16:31 Scout Tower
16:32 Scout Tower
16:33 Scout Tower
16:35 Scout Tower
16:36 Scout Tower
16:37 Scout Tower
16:39 Scout Tower
16:40 Scout Tower
17:01 Guard Tower
18:11 Guard Tower
18:14 Lumber Mill
18:25 Lumber Mill
18:52 Scout Tower
18:57 Scout Tower
18:59 Town Hall
19:18 Scout Tower
19:19 Scout Tower
19:20 Arcane Tower
19:33 Guard Tower
20:02 Blacksmith
20:05 Scout Tower
22:51 Workshop
23:09 Guard Tower
23:11 Workshop
23:14 Guard Tower
23:15 Scout Tower
23:16 Scout Tower
29:19 Arcane Tower
29:21 Scout Tower
29:23 Scout Tower
29:23 Scout Tower
29:24 Scout Tower
29:58 Town Hall
30:03 Scout Tower
30:04 Guard Tower
30:08 Scout Tower
30:09 Scout Tower
30:10 Scout Tower
30:11 Scout Tower
30:29 Guard Tower
30:29 Guard Tower
31:00 Guard Tower
31:00 Guard Tower
31:16 Arcane Tower
31:16 Arcane Tower
31:20 Scout Tower
33:02 Scout Tower
33:02 Scout Tower
33:03 Scout Tower
33:03 Scout Tower
33:08 Scout Tower
33:08 Scout Tower
33:37 Guard Tower
33:38 Guard Tower
34:21 Guard Tower
37:05 Scout Tower
37:06 Scout Tower
37:06 Scout Tower
37:07 Scout Tower
37:09 Scout Tower
37:09 Scout Tower
37:10 Scout Tower
37:11 Scout Tower
37:12 Scout Tower
37:13 Scout Tower
37:14 Scout Tower
37:33 Guard Tower
37:47 Guard Tower
38:59 Scout Tower
39:59 Guard Tower
40:02 Scout Tower
40:06 Scout Tower
40:07 Scout Tower
40:32 Guard Tower
40:34 Scout Tower
40:35 Scout Tower
41:03 Guard Tower
41:03 Guard Tower
41:58 Guard Tower
41:58 Scout Tower
41:59 Scout Tower
41:59 Scout Tower
42:00 Scout Tower
42:01 Scout Tower
42:02 Scout Tower
42:03 Scout Tower
42:03 Scout Tower
43:25 Guard Tower
43:25 Guard Tower
43:26 Guard Tower
43:58 Guard Tower
45:24 Guard Tower
45:24 Guard Tower
45:30 Scout Tower
45:30 Scout Tower
45:31 Scout Tower
45:32 Scout Tower
45:33 Scout Tower
45:33 Scout Tower
45:35 Scout Tower
45:35 Scout Tower
46:00 Guard Tower
46:00 Guard Tower
46:01 Scout Tower
46:02 Scout Tower
46:03 Scout Tower
46:03 Scout Tower
46:04 Guard Tower
46:05 Guard Tower
46:14 Scout Tower
46:14 Guard Tower
46:15 Guard Tower
49:39 Scout Tower
49:40 Scout Tower
49:41 Scout Tower
49:42 Scout Tower
49:42 Scout Tower
49:43 Scout Tower
49:44 Scout Tower
49:44 Scout Tower
50:00 Arcane Tower
50:01 Arcane Tower
51:13 Guard Tower
51:14 Guard Tower
51:50 Guard Tower
51:52 Scout Tower
51:53 Scout Tower
52:47 Scout Tower
52:48 Scout Tower
52:48 Scout Tower
52:49 Scout Tower
53:03 Scout Tower
53:03 Scout Tower
53:03 Scout Tower
53:33 Guard Tower
53:33 Guard Tower
53:35 Guard Tower
53:36 Scout Tower
53:37 Scout Tower
53:38 Scout Tower
53:38 Scout Tower
53:38 Scout Tower
53:39 Scout Tower
53:40 Scout Tower
» items
| Boots of Speed | 2 | |
| Staff of Teleportation | 4 | |
| Healing Salve | 2 | |
| Potion of Healing | 1 | |
| Lesser Clarity Potion | 1 | |
| Scroll of Regeneration | 1 | |
| Scroll of Town Portal | 2 | |
| Potion of Lesser Invulnerability | 1 | |
14 total
NADMaN (
pink | 142 APM | 7791 actions | 54:58)
10 Demon Hunter
3 Mana Burn
3 Evasion
1 Metamorphosis
3 Immolation
10 Warden
3 Shadow Strike
3 Blink
1 Spirit of Vengeance
3 Fan of Knives
» actions
| Assign group hotkey | 7 | |
| Basic commands | 218 | |
| Build / train | 109 | |
| ESC pressed | 5 | |
| Enter build submenu | 41 | |
| Enter hero's abilities submenu | 23 | |
| Give item / drop item | 12 | |
| Remove unit from queue | 2 | |
| Right click | 3959 | |
| Select / deselect | 458 | |
| Select group hotkey | 2673 | |
| Use ability | 282 | |
7791 total
» units
| Wisp | 25 | |
| Chimaera | 13 | |
| Hippogryph | 11 | |
| Druid of the Talon | 2 | |
51 total
» upgrades
| Strength of the Wild | 3 | |
| Reinforced Hides | 3 | |
| Well Spring | 1 | |
| Corrosive Breath | 1 | |
| Druid of the Talon Training | 2 | |
| Ultravision | 1 | |
11 total
» buildings
| Altar of Elders | 1 | |
| Moon Well | 26 | |
| Tree of Ages | 2 | |
| Tree of Eternity | 2 | |
| Ancient of Wind | 3 | |
| Ancient of Wonders | 1 | |
| Tree of Life | 3 | |
| Chimaera Roost | 2 | |
| Hunter's Hall | 1 | |
41 total
» build order
00:04 Altar of Elders
00:18 Moon Well
01:07 Moon Well
01:10 Moon Well
03:53 Tree of Ages
03:53 Tree of Ages
04:00 Moon Well
04:06 Moon Well
05:47 Moon Well
05:49 Moon Well
06:17 Tree of Eternity
06:17 Tree of Eternity
06:36 Ancient of Wind
06:40 Ancient of Wonders
07:32 Tree of Life
11:15 Chimaera Roost
11:16 Chimaera Roost
11:19 Hunter's Hall
11:38 Moon Well
11:39 Moon Well
11:41 Moon Well
11:43 Moon Well
12:40 Moon Well
12:42 Moon Well
12:43 Moon Well
29:31 Tree of Life
33:15 Ancient of Wind
33:47 Moon Well
33:49 Moon Well
34:42 Ancient of Wind
34:55 Moon Well
34:56 Moon Well
35:48 Moon Well
35:55 Moon Well
40:18 Moon Well
40:18 Moon Well
40:57 Moon Well
40:58 Moon Well
40:58 Moon Well
40:59 Moon Well
45:33 Tree of Life
» items
| Boots of Speed | 2 | |
| Staff of Teleportation | 2 | |
| Orb of Venom | 1 | |
| Staff of Preservation | 3 | |
| Potion of Healing | 1 | |
| Healing Salve | 1 | |
| Lesser Clarity Potion | 1 | |
| Scroll of Town Portal | 3 | |
| Circlet of Nobility | 1 | |
| Moonstone | 1 | |
16 total
VELOX_NEB (
purple | 82 APM | 4511 actions | 54:57)
8 Blademaster
2 Wind Walk
3 Critical Strike
1 Bladestorm
2 Mirror Image
7 Goblin Alchemist
3 Chemical Rage
2 Acid Bomb
2 Transmute
» actions
| Assign group hotkey | 25 | |
| Basic commands | 323 | |
| Build / train | 113 | |
| ESC pressed | 18 | |
| Enter build submenu | 70 | |
| Enter hero's abilities submenu | 15 | |
| Give item / drop item | 10 | |
| Right click | 2752 | |
| Select / deselect | 609 | |
| Select group hotkey | 231 | |
| Use ability | 345 | |
4511 total
» units
| Peon | 27 | |
| Troll Batrider | 47 | |
| Mud Golem | 1 | |
75 total
» upgrades
» buildings
| Altar of Storms | 4 | |
| War Mill | 2 | |
| Orc Burrow | 7 | |
| Watch Tower | 37 | |
| Voodoo Lounge | 3 | |
| Stronghold | 2 | |
| Great Hall | 7 | |
| Beastiary | 2 | |
| Fortress | 1 | |
65 total
» build order
00:07 Altar of Storms
00:12 War Mill
00:29 Orc Burrow
01:38 Watch Tower
02:13 Watch Tower
02:45 Watch Tower
02:50 Watch Tower
04:11 Watch Tower
04:13 Watch Tower
05:07 Voodoo Lounge
05:38 Watch Tower
05:40 Watch Tower
05:42 Watch Tower
05:42 Stronghold
05:49 Orc Burrow
06:33 Watch Tower
06:37 Watch Tower
06:39 Watch Tower
06:45 Great Hall
09:47 Watch Tower
09:49 Watch Tower
09:49 Watch Tower
09:50 Watch Tower
09:52 Watch Tower
09:53 Watch Tower
10:00 Beastiary
10:01 Beastiary
10:03 Orc Burrow
11:09 Fortress
11:30 Watch Tower
11:31 Watch Tower
11:36 Watch Tower
11:38 Watch Tower
13:26 Watch Tower
13:27 Watch Tower
13:29 Watch Tower
13:29 Watch Tower
16:14 Watch Tower
18:38 Watch Tower
18:39 Watch Tower
18:40 Watch Tower
18:40 Watch Tower
24:32 Altar of Storms
24:35 Orc Burrow
24:43 Great Hall
24:48 Great Hall
25:50 Voodoo Lounge
25:55 Orc Burrow
27:51 Great Hall
27:54 Great Hall
29:34 Altar of Storms
29:37 Orc Burrow
29:46 Altar of Storms
30:56 Orc Burrow
31:04 Voodoo Lounge
32:09 War Mill
33:46 Great Hall
43:13 Great Hall
43:59 Watch Tower
44:02 Watch Tower
44:04 Watch Tower
45:18 Watch Tower
45:20 Watch Tower
45:22 Watch Tower
51:57 Stronghold
» items
| Boots of Speed | 1 | |
| Staff of Teleportation | 1 | |
| Healing Salve | 2 | |
| Lesser Clarity Potion | 3 | |
| Orb of Lightning | 2 | |
| Potion of Healing | 2 | |
| Scroll of Town Portal | 1 | |
12 total
team 2 (loser)
Dragon-7 (
blue | 33 APM | 1782 actions | 54:35)
7 Mountain King
3 Storm Bolt
3 Bash
1 Avatar
7 Archmage
3 Summon Water Elemental
3 Brilliance Aura
1 Mass Teleport
» actions
| Basic commands | 35 | |
| Build / train | 158 | |
| Enter build submenu | 30 | |
| Enter hero's abilities submenu | 14 | |
| Right click | 698 | |
| Select / deselect | 697 | |
| Use ability | 150 | |
1782 total
» units
| Peasant | 33 | |
| Footman | 3 | |
| Mortar Team | 1 | |
| Siege Engine | 11 | |
| Gryphon Rider | 13 | |
| Priest | 16 | |
| Knight | 16 | |
| Dragonhawk Rider | 14 | |
107 total
» upgrades
| Gunpowder | 3 | |
| Armor | 3 | |
| Animal War Training | 1 | |
| Storm Hammers | 1 | |
| Swords | 3 | |
| Plating | 3 | |
| Cloud | 1 | |
| Barrage | 1 | |
| Priest Training | 2 | |
| Masonry | 2 | |
20 total
» buildings
| Altar of Kings | 1 | |
| Farm | 9 | |
| Barracks | 1 | |
| Lumber Mill | 1 | |
| Scout Tower | 10 | |
| Keep | 1 | |
| Guard Tower | 7 | |
| Blacksmith | 1 | |
| Arcane Vault | 1 | |
| Castle | 1 | |
| Workshop | 1 | |
| Gryphon Aviary | 1 | |
| Arcane Sanctum | 1 | |
| Town Hall | 3 | |
| Cannon Tower | 3 | |
42 total
» build order
00:12 Altar of Kings
00:26 Farm
00:51 Farm
01:16 Barracks
01:37 Farm
01:55 Lumber Mill
02:31 Scout Tower
02:34 Keep
03:38 Guard Tower
04:41 Blacksmith
05:17 Arcane Vault
05:27 Castle
05:59 Workshop
06:07 Gryphon Aviary
06:38 Farm
06:40 Farm
06:42 Farm
06:43 Farm
06:46 Farm
09:22 Arcane Sanctum
09:59 Farm
13:46 Town Hall
14:07 Town Hall
30:34 Scout Tower
30:36 Scout Tower
30:37 Scout Tower
30:43 Scout Tower
30:45 Scout Tower
30:46 Scout Tower
31:44 Cannon Tower
31:45 Cannon Tower
31:46 Guard Tower
31:47 Guard Tower
33:04 Guard Tower
33:05 Guard Tower
33:09 Scout Tower
33:11 Scout Tower
33:48 Guard Tower
33:52 Cannon Tower
34:02 Town Hall
34:05 Scout Tower
34:42 Guard Tower
» items
| Scroll of Town Portal | 1 | |
| Potion of Healing | 1 | |
| Staff of Sanctuary | 1 | |
3 total
Flame-7 (
orange | 42 APM | 2322 actions | 54:46)
6 Blademaster
2 Wind Walk
2 Critical Strike
1 Mirror Image
1 Bladestorm
» actions
| Basic commands | 76 | |
| Build / train | 158 | |
| Enter build submenu | 34 | |
| Enter hero's abilities submenu | 6 | |
| Give item / drop item | 1 | |
| Remove unit from queue | 6 | |
| Right click | 1120 | |
| Select / deselect | 846 | |
| Use ability | 74 | |
2322 total
» units
| Peon | 26 | |
| Grunt | 9 | |
| Demolisher | 13 | |
| Troll Batrider | 28 | |
| Kodo Beast | 1 | |
| Troll Headhunter/Berserker | 29 | |
| Raider | 5 | |
| Tauren | 5 | |
| Ogre Magi | 1 | |
| Mud Golem | 1 | |
118 total
» upgrades
| Ranged Weapons | 3 | |
| Armor | 3 | |
| Burning Oil | 1 | |
| Liquid Fire | 1 | |
| War Drums Damage Increase | 1 | |
| Berserker Upgrade | 1 | |
| Troll Regeneration | 1 | |
| Spiked Barricades | 3 | |
| Ensnare | 1 | |
| Reinforced Defenses | 1 | |
| Melee Weapons | 3 | |
| Pulverize | 1 | |
| Envenomed Spears | 1 | |
21 total
» buildings
| Orc Burrow | 6 | |
| Altar of Storms | 1 | |
| Barracks | 2 | |
| War Mill | 1 | |
| Stronghold | 1 | |
| Fortress | 1 | |
| Beastiary | 1 | |
| Voodoo Lounge | 1 | |
| Tauren Totem | 1 | |
| Watch Tower | 14 | |
29 total
» build order
00:23 Orc Burrow
00:38 Altar of Storms
01:21 Barracks
01:46 Orc Burrow
02:18 War Mill
02:58 Stronghold
03:11 Orc Burrow
04:49 Orc Burrow
05:04 Barracks
06:29 Fortress
10:38 Beastiary
11:51 Voodoo Lounge
19:17 Orc Burrow
22:43 Orc Burrow
22:56 Tauren Totem
30:47 Watch Tower
30:50 Watch Tower
31:34 Watch Tower
31:36 Watch Tower
31:40 Watch Tower
38:18 Watch Tower
38:21 Watch Tower
38:24 Watch Tower
39:29 Watch Tower
40:17 Watch Tower
41:13 Watch Tower
42:17 Watch Tower
42:23 Watch Tower
43:25 Watch Tower
» items
| Tiny Great Hall | 1 | |
| Potion of Lesser Invulnerability | 1 | |
| Scroll of Town Portal | 1 | |
| Circlet of Nobility | 1 | |
4 total

»
KinGXOrz (
yellow | 44 APM | 2439 actions | 54:56)
8 Priestess of the Moon
1 Scout
3 Trueshot Aura
3 Searing Arrows
1 Starfall
» actions
| Assign group hotkey | 50 | |
| Basic commands | 8 | |
| Build / train | 116 | |
| Enter build submenu | 42 | |
| Enter hero's abilities submenu | 8 | |
| Remove unit from queue | 1 | |
| Right click | 1056 | |
| Select / deselect | 608 | |
| Select group hotkey | 322 | |
| Use ability | 228 | |
2439 total
» units
| Wisp | 58 | |
| Huntress | 1 | |
| Glaive Thrower | 9 | |
| Chimaera | 6 | |
| Mountain Giant | 14 | |
| Druid of the Claw | 2 | |
90 total
» upgrades
| Vorpal Blades | 1 | |
| Corrosive Breath | 1 | |
| Hardened Skin | 1 | |
| Resistant Skin | 1 | |
| Druid of the Claw Training | 2 | |
| Mark of the Claw | 1 | |
7 total
» buildings
| Altar of Elders | 1 | |
| Moon Well | 8 | |
| Hunter's Hall | 1 | |
| Ancient of War | 1 | |
| Ancient Protector | 15 | |
| Tree of Ages | 1 | |
| Tree of Eternity | 1 | |
| Ancient of Wonders | 2 | |
| Ancient of Wind | 1 | |
| Chimaera Roost | 2 | |
| Tree of Life | 6 | |
| Ancient of Lore | 2 | |
41 total
» build order
00:19 Altar of Elders
00:26 Moon Well
01:39 Hunter's Hall
01:46 Ancient of War
01:53 Moon Well
02:47 Ancient Protector
03:26 Tree of Ages
04:39 Moon Well
07:14 Tree of Eternity
09:38 Ancient of Wonders
09:44 Ancient of Wind
11:03 Moon Well
11:05 Moon Well
11:06 Moon Well
11:07 Moon Well
11:14 Chimaera Roost
11:17 Chimaera Roost
12:35 Ancient Protector
12:40 Ancient Protector
12:43 Ancient Protector
14:21 Tree of Life
17:07 Ancient of Lore
17:31 Ancient of Lore
18:54 Ancient Protector
19:19 Ancient Protector
19:24 Ancient Protector
19:37 Moon Well
21:54 Ancient of Wonders
27:33 Tree of Life
35:01 Tree of Life
35:05 Tree of Life
36:07 Tree of Life
40:11 Ancient Protector
40:15 Ancient Protector
41:20 Ancient Protector
41:25 Ancient Protector
43:12 Tree of Life
48:33 Ancient Protector
48:37 Ancient Protector
49:57 Ancient Protector
49:59 Ancient Protector
» items
| Potion of Healing | 3 | |
| Dust of Appearance | 1 | |
| Orb of Venom | 1 | |
| Staff of Preservation | 1 | |
| Scroll of Town Portal | 1 | |
7 total
Chat log
(00:21 / All) GOKUMAN69: 7 dragon balls
(01:57 / All) GOKUMAN69: DRAGON BALL Z
(02:01 / All) GOKUMAN69: HELL YEAH
(02:09 / All) KinGXOrz: i used to watch taht when i was 8
(02:14 / All) GOKUMAN69: Im11
(03:44 / All) GOKUMAN69: NICE TP
(09:37 / All) GOKUMAN69: NICE JOB
(21:19 / All) KinGXOrz: lol
(26:41 / All) GOKUMAN69: YOU ARE GETTIN SO OWNED
(26:45 / All) Dragon-7: lol
(32:51 / All) Dragon-7: lol, owned
(39:39 / All) Dragon-7: haha, dont mess
(53:10 / All) GOKUMAN69: lol
(53:12 / All) Dragon-7: dont feel bad losing to lame ass tower strat
(53:12 / All) GOKUMAN69: owned
(53:19 / All) GOKUMAN69: U SHOULD
(53:21 / All) VELOX_NEB: we don't
(53:23 / All) VELOX_NEB: you do
(53:26 / All) VELOX_NEB: hahahhaha
(54:16 / All) Dragon-7: lame
(54:17 / All) Dragon-7: lame
(54:20 / All) Dragon-7: noobs
(54:25 / All) Dragon-7: towers
(54:27 / All) Dragon-7: noobs
(54:30 / All) Dragon-7: lame
(54:39 / All) KinGXOrz: yeah
(54:45 / All) GOKUMAN69: GET OUT
(54:48 / All) KinGXOrz: Id love to see you pull this off in a 1v1
(54:52 / All) KinGXOrz: you cant
(54:53 / All) KinGXOrz: g
(54:53 / All) GOKUMAN69: 1V1?
(54:56 / All) GOKUMAN69: ME?